AoeStats
← WHİTE.MAN.TR

Black Forest

509504140Analyzed
3v3 RM · 4d ago on Sep 27, 2026· 47m 5s· 6 players
Game mode
Random Map
Map size
Normal (6 player)
Population
200
Speed
Normal
Resources
Standard
Victory
Conquest
Starting age
Dark Age
Ending age
Imperial Age
RankedLock teamsTeams togetherTeam positionsShared explorationLock speedFull tech treeHidden civsTurbo modeCheats
Victory
Defeat
🇧🇷 Varangians · Brazil
973
+17
🇦🇷 Aztecs · Argentina
953
+18
🇦🇷 Goths · Argentina
931
+19
🇹🇷 Khmer · Türkiye
1009
-19
🇹🇷 Chinese · Türkiye
996
-18
🇹🇷 Turks · Türkiye
982
-17
marcelorq
1:13 Loom
13:00 Feudal Age
13:59 Double-Bit Axe
19:25 Castle Age
29:43 Scale Barding Armor
29:48 Forging
32:39 Wheelbarrow
34:48 Imperial Age
32:30 Husbandry
33:05 Bloodlines
34:11 Iron Casting
33:56 Chain Barding Armor
35:52 Conscription
35:26 Elite Jarl
37:17 Elite Varangian Guard
37:44 Arson
38:00 Squires
38:23 Chain Barding Armor
39:03 Blast Furnace
38:02 Onager
39:48 Caravan
40:50 Plate Barding Armor
40:20 Gambesons
40:44 Scale Mail Armor
41:50 Gold Mining
44:24 Capped Ram
45:29 Siege Ram
47:40 Chain Mail Armor
Pikachu
0:43 Loom
11:46 Feudal Age
12:14 Double-Bit Axe
12:43 Horse Collar
15:47 Fishing Lines
21:51 Castle Age
19:43 Gold Mining
22:49 Wheelbarrow
22:01 Town Watch
22:45 Gillnets
23:09 Bow Saw
23:31 Stone Mining
24:28 Heavy Plow
25:08 Hand Cart
25:59 Stone Shaft Mining
25:35 Town Patrol
27:02 Squires
26:25 Pikeman
30:46 Imperial Age
30:00 Forging
29:51 Scale Mail Armor
31:23 Iron Casting
31:40 Chain Mail Armor
32:18 Crop Rotation
32:54 Two-Man Saw
34:17 Conscription
33:58 Anarchy
34:00 Perfusion
33:56 Halberdier
34:47 Perfusion
34:47 Anarchy
35:39 Elite Huskarl
37:46 Blast Furnace
37:03 Caravan
Joy Games Interactive
0:28 Loom
14:15 Feudal Age
15:04 Double-Bit Axe
17:14 Horse Collar
21:00 Castle Age
19:13 Gold Mining
22:17 Bow Saw
24:28 Sanctity
25:55 Squires
25:43 Arson
26:19 Fletching
26:32 Scale Mail Armor
27:14 Redemption
31:10 Bodkin Arrow
31:15 Padded Archer Armor
31:33 Elite Skirmisher
32:44 Fervor
32:45 Pikeman
34:19 Heavy Plow
37:29 Town Watch
39:03 Ballistics
40:18 Wheelbarrow
40:06 Chain Mail Armor
44:30 Forging
TÔRBACI
3:16 Loom
12:54 Feudal Age
12:57 Feudal Age
16:16 Double-Bit Axe
16:15 Horse Collar
18:43 Castle Age
21:34 Bow Saw
32:57 Heavy Plow
33:00 Gold Mining
36:05 Imperial Age
34:11 Wheelbarrow
34:39 Gold Shaft Mining
33:54 Stone Mining
35:51 Ballistics
35:52 Fletching
36:02 Padded Archer Armor
37:36 Elite Chu Ko Nu
38:39 Rocketry
38:40 Conscription
39:31 Chemistry
39:01 Hand Cart
39:20 Bodkin Arrow
39:40 Leather Archer Armor
bATÜn
3:23 Loom
19:00 Feudal Age
19:56 Double-Bit Axe
20:03 Horse Collar
22:47 Castle Age
WHİTE.MAN.TR
13:53 Feudal Age
15:44 Double-Bit Axe
18:40 Castle Age
17:37 Stone Mining
17:32 Horse Collar
24:51 Gold Mining
32:45 Imperial Age
33:01 Wheelbarrow
32:11 Loom
32:12 Town Watch
33:11 Caravan
33:58 Gold Shaft Mining
35:46 Fletching
35:56 Padded Archer Armor
37:15 Elite Janissary
39:24 Bloodlines
40:45 Hand Cart
43:24 Bodkin Arrow
43:44 Leather Archer Armor
47:44 Ballistics
Connection lost

Rejoining the realm…

Still unreachable

The connection could not be restored.

Session expired

The server has moved on; the page needs a fresh start.